 Dungeon Crawl Stone Soup version 0.20.0-8-g6b59dc7 (webtiles) character file.

116458 joejoepie the Severer (level 16, -3/204 HPs)
             Began as a Barachi Fighter on May 29, 2017.
             Was the Champion of Trog.
             Killed from afar by Aizul (17 damage)
             ... with a poison arrow
             ... on level 2 of the Shoals on May 30, 2017.
             The game lasted 03:10:20 (31040 turns).

joejoepie the Severer (Barachi Fighter)            Turns: 31040, Time: 03:10:22

Health: -3/204     AC: 27    Str: 25    XL:     16   Next: 71%
Magic:  16/16      EV: 11    Int:  9    God:    Trog [******]
Gold:   277        SH: 15    Dex: 14    Spells: 15/15 levels left

rFire    + . .     SeeInvis +   a - +5 war axe "Dyfypt" {flame, rPois rN++ Int-2 SInv}
rCold    + + .     Gourm    +   c - +1 shield
rNeg     + + .     Faith    .   n - +6 plate armour
rPois    +         Spirit   .   r - +0 helmet
rElec    .         Reflect  .   w - scarf {rC+ rF+}
rCorr    .         Harm     .   U - +0 pair of gloves
MR       +....                  W - +0 pair of boots
Stlth    ..........             D - amulet of the gourmand
Regen    0.5/turn               q - +1 ring of evasion
MPRegen  0.2/turn               s - ring of protection from cold

@: berserking, lethally poisoned (-3 -> -16), quick
A: +LOS, swims, slowness 1, strong legs 2
a: Hop, Berserk, Trog's Hand, Brothers in Arms, Burn Spellbooks, Renounce
Religion


You were on level 2 of the Shoals.
You worshipped Trog.
Trog was exalted by your worship.
You were very full.

You visited 7 branches of the dungeon, and saw 28 of its levels.
You visited 1 bazaar.
You also visited: Ossuary and Ice Cave.

You collected 2657 gold pieces.
You spent 2380 gold pieces at shops.

Inventory:

Hand Weapons
 a - the +5 war axe "Dyfypt" (weapon) {flame, rPois rN++ Int-2 SInv}
   (You found it on level 9 of the Dungeon)

   It has been specially enchanted to burn those struck by it, causing extra
   injury to most foes and up to half again as much damage against particularly
   susceptible opponents.
   Big, fiery blades are also staple armaments of hydra-hunters.
   It affects your intelligence (-2).
   It protects you from poison.
   It greatly protects you from negative energy.
   It lets you see invisible.
 b - the +1 hunting sling "Nomuaga" {flame, +Inv Int+4}
   (You bought it in a shop on level 2 of the Orcish Mines)

   It causes projectiles fired from it to burn those they strike, causing extra
   injury to most foes and up to half again as much damage against particularly
   susceptible opponents.
   It affects your intelligence (+4).
   It lets you turn invisible.
 e - a +5 antimagic war axe
 z - a +2 broad axe of electrocution
Missiles
 h - 174 sling bullets (quivered)
Armour
 c - a +1 shield (worn)
 n - a +6 plate armour (worn)
 r - a +0 helmet (worn)
 w - a scarf of resistance (worn)
 U - a +0 pair of gloves (worn)
 W - a +0 pair of boots (worn)
Jewellery
 g - an uncursed amulet of guardian spirit
 l - a cursed ring of see invisible
 q - a +1 ring of evasion (left hand)
 s - a ring of protection from cold (right hand)
 D - an amulet of the gourmand (around neck)
Wands
 y - a wand of disintegration (14/24)
 I - a wand of confusion (35/48)
 K - a wand of digging (9/24)
 O - a wand of flame (40/48)
 V - a wand of polymorph (14/24)
 Y - a wand of enslavement (8/24)
Scrolls
 k - 9 scrolls of remove curse
 p - 10 scrolls of identify
 x - 2 scrolls of brand weapon
 A - 3 scrolls of blinking
 C - 2 scrolls of fog
 E - 9 scrolls of teleportation
 G - 4 scrolls of recharging
 L - 5 scrolls of magic mapping
 X - a scroll of fear
Potions
 d - 4 potions of might
 i - 2 potions of magic
 j - 8 potions of agility
 o - 9 potions of heal wounds
 v - 3 potions of mutation
 J - 5 potions of curing
 M - 3 potions of resistance
 N - 2 potions of flight
Books
 F - a book of Necromancy

   Spells                             Type                      Level
   a - Pain                           Necromancy                   1
   b - Animate Skeleton               Necromancy                   1
   c - Vampiric Draining              Necromancy                   3
   d - Regeneration                   Charms/Necromancy            3
   e - Animate Dead                   Necromancy                   4
   f - Control Undead                 Necromancy                   4
   Trog disapproves of the use of such an item.
 P - a Young Poisoner's Handbook

   Spells                             Type                      Level
   a - Sting                          Conjuration/Poison           1
   b - Poisonous Vapours              Poison/Air                   2
   c - Mephitic Cloud                 Conjuration/Poison/Air       3
   d - Olgreb's Toxic Radiance        Poison                       4
   e - Venom Bolt                     Conjuration/Poison           5
   Trog disapproves of the use of such an item.
 Z - a book of Battle

   Spells                             Type                      Level
   a - Infusion                       Charms                       1
   b - Shroud of Golubria             Charms/Translocation         2
   c - Song of Slaying                Charms                       2
   d - Spectral Weapon                Hexes/Charms                 3
   e - Regeneration                   Charms/Necromancy            3
   Trog disapproves of the use of such an item.
Miscellaneous
 u - a lamp of fire
 B - a phantom mirror
 H - a sack of spiders
 Q - a phial of floods
Comestibles
 f - 15 bread rations
 m - 38 fruits
 t - 11 royal jellies
 R - 9 meat rations


   Skills:
 + Level 15.5 Fighting
 + Level 17.3 Axes
 + Level 9.2(9.4) Slings
 + Level 3.0(6.5) Throwing
 + Level 14.4 Armour
 + Level 3.9 Dodging
 + Level 2.6 Stealth
 + Level 14.4 Shields


You had 15 spell levels left.
You didn't know any spells.

Dungeon Overview and Level Annotations

Branches:
Dungeon (15/15)            Temple (0/1) D:4            Lair (6/6) D:11
 Shoals (2/4) Lair:3        Snake (1/4) Lair:3        Slime (1/5) Lair:6
    Orc (2/2) D:12            Elf (1/3) Orc:2        Vaults (0/5) D:14
 Depths (0/5) D:15

Altars:
Dithmenos
Kikubaaqudgha
Makhleb
Okawaru
Trog
Uskayaw
Vehumet
Yredelemnul
The Shining One

Shops:
D:4 :   D:15 *   Orc:1 }   Orc:2 (**[:

Annotations:
D:3 melvinkitnick's ghost, amateur DsCK
D:15 1 runed door, exclusion: Roxanne, Roxanne
Shoals:2 Aizul


Innate Abilities, Weirdness & Mutations

Shadows flee at your approach. (+LOS)
You can swim through water.
You cover ground slowly.
You can hop longer distances.


Message History

* * * LOW HITPOINT WARNING * * *
You closely miss Aizul.
Aizul is heavily wounded.
You miss Aizul.
Aizul is heavily wounded.
You are ready to hop once more.
Aizul coils herself and waves her upper body at you.
The poison arrow hits you!
You are poisoned.
You partially resist.
* * * LOW HITPOINT WARNING * * *
You are too berserk!
You slash Aizul! You burn Aizul.
Aizul is heavily wounded.
You feel sick.
Aizul coils herself and waves her upper body at you.
The poison arrow hits you!
You are more poisoned.
You partially resist.
You die...

≈≈≈≈≈≈≈≈≈≈≈≈≈≈≈≈≈≈
≈≈≈≈≈≈≈≈≈≈≈≈≈≈≈≈≈≈
≈≈≈≈≈≈≈≈≈≈≈≈≈≈≈≈≈≈
.≈≈≈≈≈≈≈≈≈≈≈≈≈..≈≈
..≈..≈≈≈≈≈≈≈....≈≈
#....≈≈≈≈......≈≈
#......≈..(....≈.
##.......S........
.........@)#
...≈....†..#
...≈.....†.#
...≈≈≈.....#
..≈≈≈≈≈......
..≈≈≈≈........≈
......≈.......≈≈≈
.....P..≈≈....≈≈≈≈
....?...≈≈....≈≈≈≈


You could see Aizul.

Vanquished Creatures
  A frost giant (IceCv)
  Louise (D:14)
  A merfolk javelineer (Shoals:1)
  A fire dragon (Lair:6)
  Fannar (Lair:2)
  2 merfolk impalers (Shoals:1)
  A yaktaur captain (D:15)
  The ghost of dorian the Arsonist, a journeyman OpFE of Vehumet (D:11)
  15 hydras
  A merfolk aquamancer (Shoals:1)
  2 merfolk avatars (Shoals:1)
  2 centaur warriors
  An alligator snapping turtle (Shoals:1)
  4 two-headed ogres
  2 death yaks (IceCv)
  6 orc high priests
  Urug (D:14)
  Sonja (D:10)
  4 sea snakes (Shoals:1)
  6 unseen horrors
  A wizard (D:14)
  Pikel (D:5)
  4 orc knights (Orc:2)
  3 lindwurms
  2 orc sorcerers (Orc:2)
  3 deep elf magi
  5 manticores
  5 cyclopes
  8 ugly things
  4 elephants (Lair:6)
  Maurice (D:9)
  Joseph (D:8)
  A black mamba (shapeshifter) (D:14)
  3 merfolk sirens (Shoals:1)
  3 centaur zombies
  A guardian serpent (shapeshifter) (D:14)
  2 water nymphs (Shoals:1)
  6 black mambas
  8 spiny frogs
  3 gargoyles
  A kobold demonologist (D:12)
  12 rime drakes
  A freezing wraith (D:14)
  4 komodo dragons
  A tengu conjurer (D:10)
  7 trolls
  3 merfolk
  3 wind drakes
  21 polar bears
  Grinder (D:5)
  6 hornets
  A hornet (shapeshifter) (D:15)
  The ghost of YrmMerkstave the Spear-Bearer, an amateur MfGl (D:4)
  33 blink frogs
  8 hippogriffs
  5 slime creatures (D:12)
  2 snapping turtles
  A shadow (D:11)
  12 spriggans (Lair:6)
  2 wraiths (D:15)
  3 vampires (D:15)
  66 yaks
  Grum (D:9)
  2 basilisks
  5 vampire mosquitoes (D:13)
  Menkaure (D:6)
  3 nagas
  7 steam dragons (Lair:6)
  A two-headed ogre zombie (D:12)
  A warg (Orc:1)
  2 acid dragons (D:14)
  18 water moccasins
  7 porcupines
  2 hell hounds (D:11)
  6 sky beasts
  10 ice beasts
  5 black bears
  A necrophage (D:9)
  10 ogres
  22 orc warriors
  3 phantoms
  A slave (D:6)
  36 wolves
  3 boggarts (Lair:6)
  14 centaurs
  13 crocodiles
  7 big kobolds
  17 bullfrogs
  A wyvern skeleton (D:10)
  A troll zombie (D:12)
  3 scorpions
  18 killer bees
  3 howler monkeys
  5 crimson imps
  A quasit (D:7)
  29 orc priests
  17 jellies
  15 orc wizards
  6 bullfrog skeletons
  7 hounds
  3 centaur skeletons
  6 iguanas
  6 hell rats
  8 worker ants
  6 ogre zombies (D:12)
  A hound skeleton (D:11)
  A hound zombie (D:5)
  9 mummies
  2 worker ant zombies
  7 gnolls
  11 adders
  7 river rats (Lair:4)
  A shadow imp (D:6)
  An ooze (D:1)
  An adder zombie (D:8)
  5 worms
  2 dart slugs
  6 leopard geckos
  52 orcs
  9 giant cockroaches
  7 goblins
  10 hobgoblins
  9 jackals
  25 kobolds
  8 quokkas
  A ball python (D:7)
  7 bats
  6 frilled lizards
  2 giant cockroach zombies
  3 gnoll zombies (Ossuary)
  3 goblin skeletons (D:12)
  3 goblin zombies
  3 hobgoblin zombies (D:12)
  A kobold zombie (Ossuary)
  A leopard gecko zombie (D:8)
  3 orc skeletons (D:12)
  17 orc zombies
  8 rats
  A butterfly (Lair:1)
  4 fungi
  2 plants (Lair:3)
885 creatures vanquished.

Vanquished Creatures (others)
  A slave (D:7)
  A scorpion (D:7)
  An orc (D:5)
  11 fungi
  9 plants
23 creatures vanquished.

Grand Total: 908 creatures vanquished

Notes
Turn   | Place    | Note
-------+----------+-------------------------------------------
     0 | D:1      | joejoepie the Barachi Fighter began the quest for the Orb.
     0 | D:1      | Reached XP level 1. HP: 18/18 MP: 1/1
   192 | D:1      | Reached XP level 2. HP: 25/25 MP: 2/2
   507 | D:1      | Reached XP level 3. HP: 30/30 MP: 3/3
  1082 | D:2      | Found a bloodstained altar of Trog.
  1113 | D:2      | Became a worshipper of Trog the Wrathful
  1201 | D:2      | Reached XP level 4. HP: 25/37 MP: 2/4
  1573 | D:2      | Reached skill level 3 in Axes
  2077 | D:3      | Noticed melvinkitnick's ghost (amateur DsCK)
  2186 | D:3      | Reached skill level 1 in Dodging
  2186 | D:3      | Reached XP level 5. HP: 36/42 MP: 5/5
  2379 | D:3      | Reached skill level 1 in Throwing
  2456 | D:3      | Reached * piety under Trog
  2551 | D:4      | Found Nozulo's Book Shop.
  2820 | D:4      | Noticed a phantom
  2859 | D:4      | Killed a phantom
  2859 | D:4      | Reached skill level 4 in Axes
  2859 | D:4      | Reached XP level 6. HP: 47/49 MP: 6/6
  2880 | D:4      | Found a sand-covered staircase.
  2908 | Ossuary  | Entered an ossuary
  3898 | D:4      | Noticed YrmMerkstave's ghost (amateur MfGl)
  3905 | D:4      | Killed YrmMerkstave's ghost
  3905 | D:4      | Reached skill level 5 in Axes
  3905 | D:4      | Reached XP level 7. HP: 36/55 MP: 2/7
  4190 | D:4      | Reached skill level 6 in Axes
  4276 | D:4      | Found a staircase to the Ecumenical Temple.
  4299 | D:5      | Entered Level 5 of the Dungeon
  4331 | D:5      | Reached skill level 5 in Armour
  4356 | D:5      | Got a bloodstained quarterstaff
  4407 | D:5      | Noticed Pikel
  4429 | D:6      | Reached skill level 5 in Fighting
  4429 | D:6      | Reached XP level 8. HP: 32/62 MP: 5/8
  4743 | D:5      | Found a shadowy altar of Dithmenos.
  4751 | D:5      | Reached skill level 5 in Shields
  4754 | D:5      | Reached ** piety under Trog
  4945 | D:5      | Killed Pikel
  4945 | D:5      | Reached skill level 7 in Axes
  5313 | D:6      | Noticed Grinder
  5331 | D:5      | Killed Grinder
  5331 | D:5      | Reached skill level 8 in Axes
  5331 | D:5      | Reached XP level 9. HP: 56/71 MP: 9/9
  6072 | D:6      | Reached skill level 1 in Slings
  6469 | D:6      | Found a glowing golden altar of the Shining One.
  6724 | D:6      | Reached skill level 9 in Axes
  6832 | D:6      | Noticed Menkaure
  6839 | D:6      | Killed Menkaure
  6839 | D:6      | Reached skill level 1 in Stealth
  7044 | D:7      | Found a hide-covered altar of Uskayaw.
  7094 | D:7      | Found a radiant altar of Vehumet.
  7188 | D:7      | Found an iron altar of Okawaru.
  7561 | D:7      | Reached *** piety under Trog
  7837 | D:7      | Reached XP level 10. HP: 80/80 MP: 10/10
  8044 | D:8      | Noticed a two-headed ogre
  8061 | D:8      | Killed a two-headed ogre
  8144 | D:8      | Noticed Joseph
  8168 | D:8      | Killed Joseph
  8355 | D:8      | Reached skill level 10 in Axes
  8915 | D:9      | Got a brightly glowing war axe
  8923 | D:9      | Identified the +5 war axe "Dyfypt" {flame, rPois rN++ Int-2 SInv} (You found it on level 9 of the Dungeon)
  8937 | D:9      | Noticed Grum
  8958 | D:9      | Killed Grum
  9025 | D:9      | Found an ancient bone altar of Kikubaaqudgha.
  9199 | D:9      | Noticed Maurice
  9212 | D:9      | Killed Maurice
  9212 | D:9      | Reached skill level 11 in Axes
  9212 | D:9      | Reached XP level 11. HP: 85/87 MP: 11/11
  9222 | D:9      | Reached **** piety under Trog
  9568 | D:10     | Entered Level 10 of the Dungeon
  9576 | D:10     | Noticed a two-headed ogre
  9583 | D:10     | Killed a two-headed ogre
  9815 | D:10     | Noticed an unseen horror
  9827 | D:10     | Killed an unseen horror
 10030 | D:10     | Noticed Sonja
 10043 | D:10     | Killed Sonja
 10086 | D:10     | Reached skill level 12 in Axes
 10474 | D:11     | Reached ***** piety under Trog
 10611 | D:11     | Noticed a cyan ugly thing
 10627 | D:11     | Killed a cyan ugly thing
 10627 | D:11     | Reached skill level 10 in Fighting
 10633 | D:11     | Noticed dorian's ghost (journeyman OpFE)
 10648 | D:11     | Killed dorian's ghost
 10648 | D:11     | Reached skill level 5 in Slings
 10659 | D:12     | Noticed an eight-headed hydra
 11069 | D:11     | Found a staircase to the Lair.
 11273 | D:11     | Reached XP level 12. HP: 98/98 MP: 12/12
 11842 | Lair:1   | Entered Level 1 of the Lair of Beasts
 11849 | Lair:1   | Noticed an eight-headed hydra
 11930 | Lair:1   | Killed a four-headed hydra
 12147 | Lair:1   | Reached skill level 13 in Axes
 12488 | Lair:1   | Received a gift from Trog
 13269 | Lair:2   | Reached skill level 10 in Shields
 13403 | Lair:2   | Noticed Fannar
 13410 | Lair:2   | Killed Fannar
 13410 | Lair:2   | Reached skill level 10 in Armour
 14131 | Lair:2   | Noticed a five-headed hydra
 14139 | Lair:2   | Killed a one-headed hydra
 14670 | Lair:2   | Gained mutation: You can hop longer distances. [Barachi growth]
 14670 | Lair:2   | Reached XP level 13. HP: 101/106 MP: 13/13
 15115 | Lair:3   | Reached skill level 14 in Axes
 15241 | Lair:3   | Found a staircase to the Snake Pit.
 15244 | Lair:3   | Found a staircase to the Shoals.
 17242 | Shoals:1 | Entered Level 1 of the Shoals
 17711 | Snake:1  | Entered Level 1 of the Snake Pit
 18475 | Lair:5   | Reached skill level 15 in Axes
 18805 | Lair:5   | Reached XP level 14. HP: 111/115 MP: 14/14
 18839 | Lair:5   | Found a burning altar of Makhleb.
 19291 | Lair:6   | Entered Level 6 of the Lair of Beasts
 19422 | Lair:6   | Received a gift from Trog
 19435 | Lair:6   | Found a staircase to the Slime Pits.
 19514 | Slime:1  | Entered Level 1 of the Pits of Slime
 20079 | Lair:6   | Received a gift from Trog
 20119 | Lair:6   | Received a gift from Trog
 20724 | Lair:6   | Received a gift from Trog
 20812 | Lair:6   | Reached skill level 16 in Axes
 20868 | Lair:6   | HP: 1/116 [rime drake/flash freeze[a boggart] (28)]
 22018 | D:11     | Upgraded the game from 0.20.0-7-g3b7b877 to 0.20.0-8-g6b59dc7
 22345 | D:12     | Found a staircase to the Orcish Mines.
 22385 | D:12     | Received a gift from Trog
 22385 | D:12     | Reached XP level 15. HP: 114/124 MP: 15/15
 22439 | D:12     | Reached ****** piety under Trog
 22663 | D:12     | Found a basalt altar of Yredelemnul.
 23374 | Orc:1    | Entered Level 1 of the Orcish Mines
 23390 | Orc:1    | Found Pasid's Quality Used Wands.
 23720 | Orc:2    | Entered Level 2 of the Orcish Mines
 24033 | Orc:2    | Found Epiunob's Book Shoppe.
 24507 | Orc:2    | Received a gift from Trog
 25222 | Orc:2    | Received a gift from Trog
 25940 | Orc:2    | Found a staircase to the Elven Halls.
 25987 | Elf:1    | Entered Level 1 of the Elven Halls
 26112 | Orc:2    | Found Qyamnoemig's Antique Weapon Shoppe.
 26114 | Orc:2    | Found Ycehyeliv's Assorted Antiques.
 26114 | Orc:2    | Found Sustragih's Assorted Antiques.
 26115 | Orc:2    | Found Samimase's Armour Shoppe.
 26121 | Orc:2    | Bought a scarf of resistance for 576 gold pieces
 26129 | Orc:2    | Bought a scroll of remove curse for 93 gold pieces
 26129 | Orc:2    | Bought a scroll of identify for 62 gold pieces
 26129 | Orc:2    | Bought a phial of floods for 1240 gold pieces
 26130 | Orc:2    | Bought a pitted hunting sling for 247 gold pieces
 26130 | Orc:2    | Identified the cursed +1 hunting sling "Nomuaga" {flame, +Inv Int+4} (You bought it in a shop on level 2 of the Orcish Mines)
 26580 | D:13     | Found a flickering gateway to a bazaar.
 26584 | Bazaar   | Entered a bazaar
 26584 | Bazaar   | Found Xouneluyj's Distillery.
 26596 | Bazaar   | Found Ceta's Antique Weapon Shop.
 26623 | Bazaar   | Found Yfutoguw's Antique Armour Shop.
 26645 | Bazaar   | Bought a potion of heal wounds for 90 gold pieces
 26645 | Bazaar   | Bought a potion of might for 72 gold pieces
 27180 | D:14     | Found a frozen archway.
 27194 | IceCv    | Entered an ice cave
 27211 | IceCv    | Received a gift from Trog
 27743 | IceCv    | Noticed a frost giant
 27803 | IceCv    | Killed a frost giant
 28065 | IceCv    | Got a brightly glowing steel amulet
 28066 | IceCv    | Identified the amulet of Moafor {Faith Int+2} (You found it in an ice cave)
 28197 | D:14     | Found a gate to the Vaults.
 28328 | D:14     | Noticed Urug
 28337 | D:14     | Killed Urug
 28337 | D:14     | Reached XP level 16. HP: 134/134 MP: 16/16
 28599 | D:14     | Noticed Louise
 28628 | D:14     | Killed Louise
 28967 | D:15     | Entered Level 15 of the Dungeon
 29248 | D:15     | Noticed Roxanne
 29342 | D:15     | Reached skill level 15 in Fighting
 29414 | D:15     | Reached skill level 17 in Axes
 29569 | D:15     | Found a runed door.
 29605 | D:15     | Found Gohou's Blood Bar.
 29610 | D:15     | Received a gift from Trog
 29835 | D:15     | Found a staircase to the Depths.
 30588 | Shoals:1 | Found a runed door.
 31002 | Shoals:1 | Noticed Aizul
 31028 | Shoals:2 | Received a gift from Trog
 31040 | Shoals:2 | Killed from afar by Aizul

Skill      XL: |  1  2  3  4  5  6  7  8  9 10 11 12 13 14 15 16 |
---------------+-------------------------------------------------+-----
Armour         | 4 5 6 8 9 10 12 13 14 | 14.4
Fighting       | 4 5 6 7 8 10 11 12 13 14 15 | 15.5
Shields        | 4 6 7 8 9 10 11 12 13 14 | 14.4
Axes           | 3 4 5 6 8 9 11 12 13 15 16 17 | 17.3
Dodging        | 1 2 3 |  3.9
Throwing       | 1 2 3 |  3.0
Slings         | 3 4 5 6 8 9 |  9.2
Stealth        | 1 2 |  2.6

Action                   |  1- 3 |  4- 6 |  7- 9 | 10-12 | 13-15 | 16-18 || total
-------------------------+-------+-------+-------+-------+-------+-------++-------
Melee: War axe           |   118 |   233 |   334 |   549 |  1368 |   313 ||  2915
       Hunting sling     |       |       |       |       |     5 |       ||     5
 Fire: Hunting sling     |       |       |    60 |    75 |   309 |    53 ||   497
Throw: Stone             |    39 |   157 |    23 |       |       |       ||   219
Invok: Berserk           |       |     1 |     2 |    10 |    16 |     5 ||    34
       Trog's Hand       |       |       |       |     1 |       |       ||     1
 Abil: Hop               |     1 |     2 |     5 |     3 |    17 |     6 ||    34
  Use: Potion            |     3 |     5 |       |     5 |     6 |       ||    19
       Scroll            |     3 |    13 |     5 |     5 |    15 |     8 ||    49
  Eat: Chunk             |     2 |     6 |    23 |    33 |    58 |    18 ||   140
       Bread ration      |       |     1 |     1 |       |       |       ||     2
       Fruit             |       |       |     1 |       |       |       ||     1
Armor: Scale mail        |    61 |    45 |       |       |       |       ||   106
       Chain mail        |       |    23 |       |       |       |       ||    23
       Plate armour      |       |       |   153 |   220 |   497 |   115 ||   985
Dodge: Dodged            |    52 |    62 |    55 |   110 |   258 |    63 ||   600
Block: Shield            |    75 |   142 |   227 |   341 |   751 |   167 ||  1703
